 Dungeon Crawl Stone Soup version 0.32-a0-350-g4f4d228785 (webtiles) character file.

Game seed: 4324863936609738349

112319 croobank the Lord of Darkness (level 16, -24/76 (85) HPs)
             Began as a Felid Summoner on Feb 17, 2024.
             Was the Champion of Kikubaaqudgha.
             Killed from afar by an orc sorcerer (32 damage)
             ... with a bolt of negative energy
             ... on level 2 of the Elven Halls on Feb 18, 2024.
             The game lasted 02:51:12 (33248 turns).

croobank the Lord of Darkness (Felid Summoner)     Turns: 33248, Time: 02:51:13

HP:   -24/76 (85)   AC:  3    Str:  8    XL:     16   Next: 11%
MP:   5/34          EV: 25    Int: 31    God:    Kikubaaqudgha [******]
Gold: 695           SH:  5    Dex: 20    Spells: 3/41 levels left
                                        Lives: 0   Deaths: 6

rFire   + . .        (weapon unavailable)
rCold   . . .        (shield unavailable)
rNeg    . . .        (body armour unavailable)
rPois   .            (helmet unavailable)
rElec   +            (cloak unavailable)
rCorr   .            (gloves unavailable)
SInv    +            (boots unavailable)
Will    ++...        l - amulet of Yfeomur {Reflect Rampage rElec Str+2 Dex+3 SH+5}
Stlth   +++++        a - +6 ring of intelligence
HPRegen 0.32/turn    r - ring of fire
MPRegen 0.24/turn

%: reflection, rampage
@: death channelling, animating dead (expiring), heavily drained
A: very small, claws 1, fangs 3, see invisible, shaggy fur 3, stealthy paws, no
weapons or thrown items, no armour, multi-lived
a: Renounce Religion, Unearth Wretches, Torment


You were on level 2 of the Elven Halls.
You worshipped Kikubaaqudgha.
Kikubaaqudgha was exalted by your worship.
You visited 5 branches of the dungeon, and saw 25 of its levels.
You also visited: Gauntlet and Ice Cave.

You collected 3550 gold pieces.
You spent 2855 gold pieces at shops.

Inventory:

Jewellery
 a - a +6 ring of intelligence (left paw)
 g - a +6 ring of dexterity
 l - the amulet of Yfeomur (around neck) {Reflect Rampage rElec Str+2 Dex+3 SH+5}
   (You acquired it on level 6 of the Dungeon)

   [amulet of reflection]

   Reflect:   It reflects blocked missile attacks.
   Str+2:     It affects your strength (+2).
   Dex+3:     It affects your dexterity (+3).
   rElec:     It insulates you from electricity.
   SH+5:      It affects your SH (+5).
   Rampage:   It bestows one free step when moving towards enemies.
 r - a ring of fire (right paw)
 z - a ring of positive energy
 A - the ring "Puorghue" {rElec rC- Str+6 Int+5 Dex+2}
   (You found it in a Gauntlet)

   [ring of strength]

   Str+6:     It affects your strength (+6).
   Int+5:     It affects your intelligence (+5).
   Dex+2:     It affects your dexterity (+2).
   rC-:       It makes you vulnerable to cold.
   rElec:     It insulates you from electricity.
 B - the ring of Hennoah {rF+ rN+ Str+6 Int-5 Dex+2}
   (You acquired it on level 10 of the Dungeon)

   [ring of strength]

   Str+6:     It affects your strength (+6).
   Int-5:     It affects your intelligence (-5).
   Dex+2:     It affects your dexterity (+2).
   rF+:       It protects you from fire.
   rN+:       It protects you from negative energy.
 F - a +5 ring of evasion
 G - an amulet of guardian spirit
 H - a ring of ice
 J - a ring of wizardry
 K - a ring of protection from cold
 T - a +4 ring of protection
Wands
 p - a wand of flame (36)
 s - a wand of charming (31)
 w - a wand of digging (13)
 E - a wand of mindburst (9)
 I - a wand of roots (18)
Scrolls
 b - 3 scrolls of fog
 d - 3 scrolls of blinking
 e - 2 scrolls of teleportation
 f - 4 scrolls of fear
 m - a scroll of butterflies
 q - 3 scrolls of revelation
 v - 3 scrolls of amnesia
 x - a scroll of poison
 y - 2 scrolls of torment
 D - a scroll of silence
 M - 8 scrolls of identify
 P - a scroll of immolation
 U - 2 scrolls of noise
Potions
 c - 9 potions of lignification
 h - 3 potions of might
 i - 3 potions of berserk rage
 j - 3 potions of enlightenment
 k - 3 potions of attraction
 n - 8 potions of curing
 t - a potion of mutation
 u - 2 potions of ambrosia
 C - 2 potions of cancellation
 N - 2 potions of magic
 O - 3 potions of brilliance
 Q - 5 potions of resistance
 R - a potion of heal wounds
 S - 2 potions of haste
Miscellaneous
 L - a lightning rod (4/4)


   Skills:
 - Level 10.0 Fighting
 - Level 10.0 Dodging
 - Level 10.0 Stealth
 + Level 13.1 Spellcasting
 - Level 5.0 Hexes
 + Level 12.3 Summonings
 + Level 15.8 Necromancy
 - Level 5.0 Translocations
 - Level 5.0 Fire Magic
 - Level 7.0 Air Magic


You had 3 spell levels left.
You knew the following spells:

 Your Spells              Type           Power      Damage    Failure   Level
c - Call Canine Familiar  Summ           77%        N/A       1%          3
d - Summon Blazeheart Go  Fire/Summ      84%        N/A       1%          4
e - Summon Lightning Spi  Summ/Air       69%        N/A       1%          4
f - Summon Mana Viper     Hex/Summ       65%        N/A       1%          5
h - Summon Cactus Giant   Summ           38%        N/A       2%          6
A - Animate Dead          Necr           87%        N/A       1%          4
B - Blink                 Tloc           100%       N/A       1%          2
D - Death Channel         Necr           43%        N/A       1%          6
N - Anguish               Hex/Necr       35%        N/A       1%          4

Your spell library contained the following spells:

 Spells                   Type           Power      Damage    Failure   Level
 Necrotise                Necr           100%       1d9       0%          1
 Summon Small Mammal      Summ           100%       N/A       0%          1
 Fugue of the Fallen      Necr           87%        N/A       0%          3
 Vampiric Draining        Necr           87%        2d12      0%          3
 Apportation              Tloc           100%       N/A       1%          1
 Foxfire                  Conj/Fire      100%       2x1d9     1%          1
 Kiss of Death            Conj/Necr      100%       2d13      1%          1
 Shock                    Conj/Air       100%       1d9       1%          1
 Slow                     Hex            100%       N/A       1%          1
 Call Imp                 Summ           100%       N/A       1%          2
 Cigotuvi's Dreadful Rot  Necr/Alch/Air  100%       N/A       1%          2
 Ensorcelled Hibernation  Hex/Ice        70%        N/A       1%          2
 Jinxbite                 Hex            100%       N/A       1%          2
 Summon Ice Beast         Ice/Summ       56%        N/A       1%          3
 Swiftness                Air            59%        N/A       1%          3
 Magic Dart               Conj           80%        1d7       2%          1
 Sting                    Conj/Alch      80%        1d8       2%          1
 Dazzling Flash           Conj/Hex       70%        N/A       2%          3
 Mephitic Cloud           Conj/Alch/Air  34%        N/A       2%          3
 Ozocubu's Armour         Ice            20%        N/A       7%          3
 Passwall                 Erth           20%        N/A       7%          3
 Dispel Undead            Necr           87%        3d28      1%          4
 Martyr's Knell           Necr/Summ      82%        N/A       1%          4
 Curse of Agony           Necr           87%        N/A       1%          5
 Summon Forest            Summ/Tloc      32%        N/A       1%          5
 Borgnjor's Vile Clutch   Necr/Erth      31%        N/A       2%          5
 Cause Fear               Hex            25%        N/A       3%          4
 Manifold Assault         Tloc           50%        N/A       3%          4
 Passage of Golubria      Tloc           50%        N/A       3%          4
 Silence                  Hex/Air        27%        N/A       5%          5
 Haunt                    Necr/Summ      41%        N/A       6%          7
 Flame Wave               Conj/Fire      52%        2d13      9%          4
 Fireball                 Conj/Fire      26%        3d12      24%         5
 Yara's Violent Unravell  Hex/Alch       17%        3d8       24%         5
 Borgnjor's Revivificati  Necr           43%        N/A       24%         8
 Infestation              Necr           43%        N/A       24%         8
 Plasma Beam              Fire/Air       36%        2x1d49    30%         6
 Alistair's Intoxication  Alch           13%        N/A       54%         5
 Enfeeble                 Hex            25%        N/A       95%         7
 Eringya's Noxious Bog    Alch           10%        4d6       98%         6
 Death's Door             Necr           43%        N/A       98%         9
 Lehudib's Crystal Spear  Conj/Erth      10%        10d4      100%        8
 Chain Lightning          Conj/Air       21%        3d28      100%        9
 Dragon's Call            Summ           38%        N/A       100%        9
 Fire Storm               Conj/Fire      26%        8d7       100%        9
 Animate Armour           Summ/Erth      Unusable   N/A       N/A         4

Dungeon Overview and Level Annotations

Branches:
Dungeon (15/15)            Temple (1/1) D:6            Lair (5/5) D:9
  Swamp (0/4) Lair:2        Snake (0/4) Lair:3        Slime (0/5) Lair:5
    Orc (2/2) D:9             Elf (1/3) Orc:2        Vaults (0/5) D:14
 Depths (0/4) D:15          IceCv (visited)         Gauntlet (visited)

Altars:
Ashenzari
Cheibriados
Dithmenos
Elyvilon
Fedhas
Gozag
Hepliaklqana
Kikubaaqudgha
Makhleb
Nemelex Xobeh
Okawaru
Qazlal
Ru
Sif Muna
Trog
Uskayaw
Vehumet
Wu Jian
Xom
Yredelemnul
Zin
The Shining One
Beogh
Lugonu

Shops:
D:3 [   D:6 [   D:8 (   D:10 ?   Orc:2 *[*

Portals:
Trove: D:15 (give 15 scrolls of teleportation)

Annotations:
Lair:1 exclusion: oklob plant
Elf:2 19 runed translucent doors


Innate Abilities, Weirdness & Mutations

You have sharp claws.
You have razor-sharp teeth.
You have supernaturally acute eyesight. (SInv)
Your thick and shaggy fur keeps you warm. (AC +3, rC+)
Your paws help you pounce on unaware monsters.
You are incapable of wielding weapons or throwing items.
You cannot wear armour.
You gain extra lives every three experience levels.


Message History

You swap places.
Things that are here:
a +0 dagger; a +0 leather armour; a +0 long sword You swap places.
You start resting.
An earth elemental comes into view.
An orc sorcerer comes into view. It is wielding a +1 dagger of venom.
You swap places.
Things that are here:
a +0 dagger; a +0 leather armour; a +0 long sword Your reaping aura is weakening.
A bolt of fire appears from out of your range of vision.
The bolt of fire hits your spectral deep elf zephyrmancer!!
The bolt of fire hits your spectral deep elf knight!!
The bolt of fire hits your deep elf zephyrmancer zombie!!
You swap places.
The orc sorcerer casts a spell at you.
The bolt of negative energy hits your deep elf zephyrmancer zombie.
Your deep elf zephyrmancer zombie completely resists.
The bolt of negative energy hits your cactus giant!!
Your cactus giant is drained!
Your cactus giant is destroyed!
Your cactus giant disappears in a puff of smoke!
The bolt of negative energy hits your deep elf zephyrmancer zombie.
Your deep elf zephyrmancer zombie completely resists.
The bolt of negative energy hits you!!
You feel drained.
* * * LOW HITPOINT WARNING * * *
Casting: Anguish (safe; 1% risk of failure)
Confirm with . or Enter, or press ? or * to list all spells.
Casting: Anguish (safe; 1% risk of failure)
Press: ? - help, Dir - look around, f - activate The orc sorcerer is haunted by guilt!
The orc sorcerer points at you and mumbles some strange words.
The bolt of negative energy hits your deep elf zephyrmancer zombie.
Your deep elf zephyrmancer zombie completely resists.
The bolt of negative energy hits your deep elf zephyrmancer zombie.
Your deep elf zephyrmancer zombie completely resists.
The bolt of negative energy hits you!!
You feel drained.
You die...
Kikubaaqudgha rasps: You have failed me!
Welcome... death!

*,,++++++++++.....[..##
*,,++++++++++)........#
*,,++++++++++........#*
*,,+++,,,,+++o..>...#*
*,,+++,,,,+++.)#...#*
*,,+++,,,,+++ZZ..>#*
*,,+++,,,,+++Z).###
*,,++++++++++.Z.#
*,,++++++++++@Z.#
*,,++++++++++Z.##
*,,,,..........#
*,,,,..........#
*****########### ##
************** ########
.#**,,,,,,,,,,,,**#......#
#,,,*,,,,,,,,,,*,,,#.....#


You could see an orc sorcerer (ally target, anguished), a friendly spectral deep
elf knight, 2 friendly spectral deep elf zephyrmancers, a friendly deep elf
archer zombie and 2 friendly deep elf zephyrmancer zombies.

Vanquished Creatures
  Kirke (D:14)
  4 hydras
  2 boulder beetles
  2 catoblepae
  5 two-headed ogres
  A deep elf knight (Elf:1)
  2 death yaks (Lair:1)
  2 skeletal warriors (D:15)
  A skyshark (Lair:5)
  A soul eater (Gauntlet)
  A deep elf archer (Elf:2)
  An orc knight (D:15)
  A wolf spider zombie (D:12)
  2 deep elf zephyrmancers
  A deep elf pyromancer (Elf:2)
  An ugly thing (D:11)
  2 manticores (D:11)
  4 centaur zombies
  2 black mambas (Lair:1)
  A kobold blastminer (Orc:2)
  6 slime creatures
  A gargoyle (D:11)
  4 cane toads (Lair:1)
  A rime drake (D:12)
  2 anaconda simulacra (IceCv)
  An unseen horror (D:9)
  A freezing wraith (IceCv)
  5 komodo dragons
  5 ice devils (IceCv)
  4 trolls
  A polar bear (Lair:2)
  2 blink frogs (Lair:5)
  2 meliai zombies (D:12)
  2 dire elephant simulacra (IceCv)
  27 yaks
  3 vampires
  3 wyverns
  A basilisk (Lair:1)
  2 hogs (D:14)
  2 wargs
  A death yak simulacrum (IceCv)
  A harpy simulacrum (IceCv)
  2 hydra simulacra (IceCv)
  A cane toad zombie (Lair:1)
  2 water moccasins
  Edmund (D:5)
  5 orc warriors
  3 black bears
  An ice beast (D:7)
  An ogre (Orc:2)
  4 wolves
  3 centaurs
  2 bullfrogs
  A scorpion (D:7)
  2 water moccasin zombies (Lair:2)
  7 wights
  5 killer bees
  4 yak zombies (Lair:2)
  A nameless horror (D:9)
  2 electric eels (Lair:2)
  5 howler monkeys
  A crimson imp (Gauntlet)
  2 hounds
  4 orc priests
  2 orc wizards
  2 iguanas
  A troll simulacrum (IceCv)
  3 adders
  5 orcs
  A ball python (D:3)
  2 endoplasms
  2 goblins
  2 hobgoblins (D:4)
  A jackal (D:1)
  A quokka (D:1)
  A bat (D:1)
  3 kobolds
  A rat (D:2)
200 creatures vanquished.

Vanquished Creatures (collateral kills)
  Saint Roka (Orc:2)
  A reaper (IceCv)
  A minotaur (Gauntlet)
  The ghost of jestert79 the Green Death, a journeyman DsRe of Fedhas (Lair:5)
  2 rakshasas
  A merfolk avatar (Lair:5)
  A boulder beetle (Lair:2)
  2 hydras (D:15)
  A centaur warrior (D:15)
  3 dancing weapons (Elf:2)
  2 death yaks (Lair:1)
  A two-headed ogre (Orc:2)
  Sonja (Orc:2)
  Amaemon (Lair:2)
  2 skeletal warriors (D:15)
  2 arcanists
  6 deep elf zephyrmancers
  5 deep elf pyromancers
  An ugly thing (D:13)
  A necromancer (D:15)
  3 orc sorcerers
  A manticore (D:14)
  6 centaur zombies (D:12)
  2 cyclopes
  2 elephants (Lair:5)
  2 black mambas
  An ice statue (IceCv)
  A smoke demon (Gauntlet)
  3 cane toads
  An orange demon (Lair:2)
  A kobold demonologist (D:11)
  A tengu conjurer (D:14)
  4 rime drakes
  4 komodo dragons
  3 polar bears
  A red devil (Gauntlet)
  3 hornets
  A snapping turtle (Lair:5)
  12 blink frogs
  A centaur simulacrum (D:14)
  An air elemental (Elf:1)
  3 slime creatures
  18 yaks
  6 wyverns
  2 wraiths
  3 shadows
  A vampire (D:12)
  A basilisk (Lair:3)
  2 steam dragons
  10 wargs
  A vampire mosquito (D:13)
  2 harpy simulacra (IceCv)
  2 acid dragons
  A swamp worm (Lair:2)
  12 water moccasins
  A hydra simulacrum (IceCv)
  An ice beast (D:7)
  9 orc warriors
  A black bear (D:9)
  A wolf (shapeshifter) (D:14)
  4 laughing skulls (D:14)
  13 ogres
  9 wolves
  9 centaurs
  A phantom (D:5)
  8 bullfrogs
  A two-headed ogre simulacrum (IceCv)
  4 wights
  6 killer bees
  4 howler monkeys
  A lava snake (Lair:3)
  A bombardier beetle (D:5)
  2 crimson imps (Gauntlet)
  A gnoll bouda (D:7)
  12 orc priests
  3 iguanas
  A sleepcap (D:5)
  A boggart zombie (D:12)
  16 orc wizards
  5 gnolls (D:7)
  3 adders
  5 shadow imps
  4 white imps
  2 ufetubi (D:6)
  A dart slug (D:1)
  2 ribbon worms (D:3)
  71 orcs
  9 endoplasms
  A giant cockroach (D:1)
  2 goblins
  5 hobgoblins
  7 jackals
  6 kobolds
  A quokka (D:4)
  A ball python (D:1)
  3 bats
  3 frilled lizards
  An orc zombie (Orc:2)
  4 rats
  A butterfly (Lair:1)
401 creatures vanquished.

Vanquished Creatures (others)
  Donald (Orc:2)
  A fire dragon (D:15)
  An ice dragon (D:15)
  A hydra (Lair:5)
  4 ogre magi (Orc:2)
  6 two-headed ogres
  4 centaur warriors
  3 occultists
  A deep elf knight (Elf:2)
  A skeletal warrior (D:15)
  A bog body (Lair:2)
  4 deep elf pyromancers
  2 harpies (Lair:5)
  6 deep elf zephyrmancers
  2 cyclopes
  3 orc knights
  5 orc sorcerers (Orc:2)
  A salamander (Lair:3)
  3 kobold blastminers (Orc:2)
  2 black mambas
  An elephant (Lair:5)
  5 cane toads
  5 komodo dragons
  A tengu conjurer (D:15)
  A death yak zombie (Lair:1)
  A troll (Orc:2)
  A harpy zombie (Lair:5)
  2 hydra zombies (D:15)
  A polar bear (Lair:5)
  2 blink frogs (Lair:3)
  A hornet (Lair:5)
  2 human zombies (Gauntlet)
  3 wyverns
  A vampire (D:13)
  A hog (D:14)
  6 yaks
  2 wargs (Orc:2)
  2 vampire mosquitoes (D:13)
  A two-headed ogre zombie (Orc:2)
  5 cane toad zombies
  3 water moccasins
  12 orc warriors
  9 elf zombies
  2 laughing skulls (D:15)
  An elephant zombie (Lair:5)
  5 ogres (Orc:2)
  7 blink frog zombies
  3 rime drake zombies
  2 kobold zombies (Orc:2)
  A wyvern zombie (Lair:5)
  A bullfrog (Lair:4)
  2 cyclops zombies
  7 water moccasin zombies
  5 warg zombies
  12 yak zombies
  A troll zombie (Orc:2)
  8 wolf zombies
  3 lava snakes (Lair:3)
  9 centaur zombies
  A black bear zombie (Lair:1)
  3 orc priests
  3 orc wizards (Orc:2)
  13 ogre zombies
  A white imp (Gauntlet)
  9 orcs
  44 orc zombies
  101 blazeheart cores
364 creatures vanquished.

Grand Total: 965 creatures vanquished

Notes
Turn   | Place    | Note
-------+----------+-------------------------------------------
     0 | D:1      | croobank the Felid Summoner began the quest for the Orb.
     0 | D:1      | Reached XP level 1. HP: 9/9 MP: 4/4
   108 | D:1      | Reached XP level 2. HP: 13/13 MP: 3/6
   123 | D:1      | Learned a level 2 spell: Call Imp
   534 | D:1      | Reached XP level 3. HP: 16/16 MP: 4/7
   538 | D:1      | Learned a level 3 spell: Call Canine Familiar
  2399 | D:3      | Got the Discursus on Marshalled Calefaction
  2483 | D:3      | Reached XP level 4. HP: 21/21 MP: 5/8
  2483 | D:3      | Gained a life (2 lives remaining)
  2549 | D:3      | You fall into a shaft and drop 1 floor!
  2549 | D:4      | Found an iron altar of Okawaru.
  2635 | D:4      | Reached XP level 5. HP: 18/24 MP: 1/10
  3162 | D:3      | Learned a level 4 spell: Summon Blazeheart Golem
  3414 | D:3      | Found Hatosoa's Antique Armour Shop.
  3718 | D:3      | Found a white marble altar of Elyvilon.
  4061 | D:4      | Reached skill level 5 in Summonings
  4065 | D:4      | Gained mutation: You are covered in thick fur. (AC +2)
                  | [Felid growth]
  4065 | D:4      | Reached XP level 6. HP: 29/29 MP: 5/11
  4663 | D:5      | Entered Level 5 of the Dungeon
  4673 | D:5      | Reached skill level 1 in Fighting
  4673 | D:5      | Reached skill level 1 in Fire Magic
  4722 | D:5      | Reached skill level 5 in Dodging
  4722 | D:5      | Reached skill level 5 in Stealth
  4785 | D:5      | Reached XP level 7. HP: 27/34 MP: 7/13
  4990 | D:5      | Noticed Edmund
  5068 | D:5      | Killed Edmund
  5190 | D:5      | Reached XP level 8. HP: 39/39 MP: 11/15
  5195 | D:5      | Learned a level 4 spell: Summon Lightning Spire
  5231 | D:5      | Found a radiant altar of Vehumet.
  5899 | D:6      | Reached skill level 1 in Air Magic
  6085 | D:6      | Found Tovirom's Antique Armour Boutique.
  6206 | D:6      | Identified 2 scrolls of acquirement
  6206 | D:6      | Acquired 1013 gold pieces
  6208 | D:6      | Acquired the amulet of Yfeomur {Reflect Rampage rElec Str+2
                  | Dex+3 SH+5}
  6237 | D:6      | Found a staircase to the Ecumenical Temple.
  6243 | Temple   | Entered the Ecumenical Temple
  6777 | D:7      | Found a snail-covered altar of Cheibriados.
  7025 | D:7      | Found a glowing golden altar of the Shining One.
  7437 | D:7      | Reached XP level 9. HP: 45/45 MP: 11/17
  7604 | D:7      | Reached skill level 5 in Spellcasting
  8035 | D:8      | Found an ancient bone altar of Kikubaaqudgha.
  8041 | D:8      | Became a worshipper of Kikubaaqudgha
  8047 | D:8      | Noticed a two-headed ogre
  8055 | D:8      | Killed a two-headed ogre
  8380 | D:8      | Found a stormy altar of Qazlal.
  8722 | D:8      | Reached skill level 5 in Fighting
  8722 | D:8      | Reached XP level 10. HP: 51/51 MP: 12/19
  8974 | D:8      | Found Tigoixut's Weapon Shop.
  9445 | D:8      | Found an opulent altar of Gozag.
  9879 | D:9      | Found a bloodstained altar of Trog.
  9946 | D:9      | Reached * piety under Kikubaaqudgha
  9946 | D:9      | Received a gift from Kikubaaqudgha
 10191 | D:9      | Reached skill level 5 in Fire Magic
 10244 | D:9      | Noticed a two-headed ogre
 10256 | D:9      | Killed a two-headed ogre
 10520 | D:9      | Found a staircase to the Lair.
 10591 | D:9      | Engulfed by a cloud of flame
 10591 | D:9      | Lost a life (1 life remaining)
 10663 | D:9      | Reached skill level 10 in Stealth
 10663 | D:9      | Reached XP level 11. HP: 56/56 MP: 3/21
 10663 | D:9      | Gained a life (2 lives remaining)
 11253 | D:9      | Found a staircase to the Orcish Mines.
 11409 | D:10     | Entered Level 10 of the Dungeon
 11433 | D:10     | Found a shimmering blue altar of Sif Muna.
 11439 | D:10     | Got Sif Muna's Discursus on Transposition
 11441 | D:10     | Got Sif Muna's Excursus on the Blaze
 11443 | D:10     | Got Sif Muna's Folio of Beguiling
 11513 | D:10     | Learned a level 4 spell: Animate Dead
 11652 | D:10     | Reached ** piety under Kikubaaqudgha
 11734 | D:10     | Reached skill level 1 in Necromancy
 11924 | D:10     | Found a shadowy altar of Dithmenos.
 11992 | D:10     | Found an ornate altar of the Wu Jian Council.
 11994 | D:10     | Found a blossoming altar of Fedhas.
 11997 | D:10     | Found a sacrificial altar of Ru.
 12095 | D:10     | Reached skill level 5 in Air Magic
 12226 | D:10     | Found Budo Few's Magic Scroll Boutique.
 12229 | D:10     | Bought a scroll of silence for 114 gold pieces
 12229 | D:10     | Bought a scroll of blinking for 90 gold pieces
 12229 | D:10     | Bought a scroll of identify for 24 gold pieces
 12229 | D:10     | Bought a scroll of acquirement for 624 gold pieces
 12229 | D:10     | Bought a scroll of butterflies for 48 gold pieces
 12229 | D:10     | Bought a scroll of blinking for 90 gold pieces
 12229 | D:10     | Bought 3 scrolls of identify for 72 gold pieces
 12348 | D:10     | Reached skill level 10 in Dodging
 12450 | D:11     | Reached skill level 2 in Necromancy
 12679 | D:11     | Noticed a white ugly thing
 12679 | D:11     | Noticed a two-headed ogre
 12693 | D:11     | Killed a white ugly thing
 12698 | D:11     | Killed a two-headed ogre
 12699 | D:11     | Reached skill level 3 in Necromancy
 13088 | D:11     | Reached skill level 4 in Necromancy
 13170 | D:11     | Noticed a two-headed ogre
 13181 | D:11     | Killed a two-headed ogre
 13722 | D:12     | HP: 2/58 [wolf spider zombie (8)]
 13762 | D:12     | Reached skill level 5 in Necromancy
 13959 | D:12     | Found a basalt altar of Yredelemnul.
 14012 | D:12     | Gained mutation: Your thick and shaggy fur keeps you warm.
                  | (AC +3, rC+) [Felid growth]
 14012 | D:12     | Reached XP level 12. HP: 45/63 MP: 8/24
 14156 | D:12     | Reached *** piety under Kikubaaqudgha
 14156 | D:12     | Received a gift from Kikubaaqudgha
 14270 | D:12     | Found a frozen archway.
 14285 | D:12     | Reached skill level 6 in Necromancy
 14300 | D:12     | Noticed a boulder beetle
 14308 | D:12     | Killed a boulder beetle
 14355 | IceCv    | Entered an ice cave
 14921 | IceCv    | Slain by a harpy simulacrum
 14921 | IceCv    | Lost a life (1 life remaining)
 15034 | IceCv    | Reached skill level 7 in Necromancy
 15485 | IceCv    | Noticed a reaper
 15507 | IceCv    | Killed a reaper
 16417 | D:12     | Reached **** piety under Kikubaaqudgha
 16471 | D:12     | Learned a level 4 spell: Anguish
 16625 | D:12     | Reached skill level 8 in Necromancy
 16800 | D:12     | Found the +3 crown of Dyrovepreva {rElec Int+2 SInv}
 17384 | Lair:1   | Entered Level 1 of the Lair of Beasts
 17532 | Lair:1   | Noticed a catoblepas
 17556 | Lair:1   | Reached skill level 10 in Summonings
 17557 | Lair:1   | Reached XP level 13. HP: 45/70 MP: 2/26
 17557 | Lair:1   | Gained a life (2 lives remaining)
 17590 | Lair:1   | Killed from afar by a catoblepas
 17590 | Lair:1   | Lost a life (1 life remaining)
 17619 | Lair:1   | Reached skill level 9 in Necromancy
 17686 | Lair:1   | Learned a level 2 spell: Blink
 17984 | Lair:1   | Reached skill level 1 in Hexes
 17984 | Lair:1   | Reached skill level 1 in Translocations
 19201 | Lair:2   | Found a staircase to the Swamp.
 19526 | Lair:2   | Reached skill level 10 in Necromancy
 19746 | Lair:2   | Noticed Amaemon
 19764 | Lair:2   | Killed Amaemon
 20540 | Lair:3   | Reached skill level 5 in Hexes
 20546 | Lair:3   | Reached skill level 5 in Translocations
 20671 | Lair:3   | Learned a level 6 spell: Death Channel
 21327 | Lair:3   | Found a staircase to the Snake Pit.
 21336 | Lair:3   | Reached skill level 10 in Fighting
 21972 | Lair:4   | Reached skill level 11 in Necromancy
 21974 | Lair:4   | Reached XP level 14. HP: 54/77 MP: 2/28
 21974 | Lair:4   | Gained a life (2 lives remaining)
 21984 | Lair:4   | Found a gate leading to a gauntlet.
 22038 | Lair:4   | Reached skill level 10 in Spellcasting
 22062 | Gauntlet | Entered a Gauntlet
 22062 | Gauntlet | Found a transporter.
 22062 | Gauntlet | Found a transporter.
 22072 | Gauntlet | Found a transporter.
 22081 | Gauntlet | Found a transporter.
 22101 | Gauntlet | Found a transporter.
 22109 | Gauntlet | Found a transporter.
 22112 | Gauntlet | Found a transporter.
 22113 | Gauntlet | Found a transporter.
 22180 | Gauntlet | Found a transporter.
 22187 | Gauntlet | Found a transporter.
 22251 | Gauntlet | Found a transporter.
 22260 | Gauntlet | Found a transporter.
 22305 | Gauntlet | Found a transporter.
 22351 | Gauntlet | Acquired the ring of Hennoah {rF+ rN+ Str+6 Int-5 Dex+2}
 22532 | Gauntlet | Reached ***** piety under Kikubaaqudgha
 22685 | Gauntlet | Found a transporter.
 22724 | Gauntlet | Identified the ring "Puorghue" {rElec rC- Str+6 Int+5
                  | Dex+2}
 22746 | Gauntlet | Learned a level 6 spell: Summon Cactus Giant
 22805 | Gauntlet | Hit by a javelin thrown by a minotaur
 22805 | Gauntlet | Lost a life (1 life remaining)
 22831 | Gauntlet | Identified the +2 scale mail of Niuq {rF+}
 22955 | Lair:4   | Reached skill level 12 in Necromancy
 23265 | Lair:5   | Entered Level 5 of the Lair of Beasts
 23381 | Lair:5   | Found a staircase to the Slime Pits.
 23391 | Lair:5   | Found a runed translucent gate.
 23391 | Lair:5   | Found a runed translucent gate.
 23391 | Lair:5   | Found a runed translucent gate.
 23397 | Lair:5   | Noticed jestert79's ghost (journeyman DsRe)
 23419 | Lair:5   | HP: 3/73 [poisoned by jestert79's ghost]
 23427 | Lair:5   | Killed jestert79's ghost
 23428 | Lair:5   | Reached skill level 13 in Necromancy
 24499 | Lair:5   | Identified the staff of the Foremost Violins {rC++ rN+
                  | Necro}
 26367 | Orc:1    | Entered Level 1 of the Orcish Mines
 26380 | Orc:1    | Found a roughly hewn altar of Beogh.
 26388 | Orc:1    | Reached skill level 14 in Necromancy
 26568 | Orc:1    | Reached ****** piety under Kikubaaqudgha
 27049 | Orc:1    | Received a gift from Kikubaaqudgha (forbidden knowledge)
 27053 | Orc:2    | Entered Level 2 of the Orcish Mines
 27058 | Orc:2    | Noticed Saint Roka
 27083 | Orc:2    | Killed Saint Roka
 27115 | Orc:2    | Found a staircase to the Elven Halls.
 27128 | Orc:2    | Noticed Donald
 27149 | Orc:2    | Reached XP level 15. HP: 37/80 MP: 16/31
 27149 | Orc:2    | Killed Donald
 27186 | Orc:2    | Found Pappadecex's Antique Armour Boutique.
 27201 | Orc:2    | Your ally Saint Roka died
 27215 | Orc:2    | Killed from afar by an orc sorcerer
 27215 | Orc:2    | Lost a life (0 lives remaining)
 28094 | Orc:2    | Noticed Sonja
 28103 | Orc:2    | Killed Sonja
 28394 | Orc:2    | HP: 3/80 [ogre mage/bolt of magma (43)]
 28642 | Orc:2    | Found Goqufesk's Assorted Antiques.
 28649 | Orc:2    | Bought 2 scrolls of revelation for 405 gold pieces
 28649 | Orc:2    | Bought a scroll of amnesia for 108 gold pieces
 28649 | Orc:2    | Bought a potion of curing for 81 gold pieces
 28649 | Orc:2    | Bought a wand of flame (8) for 151 gold pieces
 28649 | Orc:2    | Bought a wand of roots (3) for 194 gold pieces
 28657 | Orc:2    | Found a roughly hewn altar of Beogh.
 28757 | Orc:2    | Found Leun Hugebu's General Store.
 28809 | Orc:2    | Bought a potion of resistance for 100 gold pieces
 28809 | Orc:2    | Bought a wand of charming (5) for 120 gold pieces
 28809 | Orc:2    | Bought a scroll of amnesia for 40 gold pieces
 28946 | Orc:2    | Found Obabroxu's Distillery.
 28973 | Orc:2    | Bought a potion of heal wounds for 55 gold pieces
 28973 | Orc:2    | Bought a potion of curing for 33 gold pieces
 28973 | Orc:2    | Bought a potion of curing for 33 gold pieces
 28973 | Orc:2    | Bought a potion of magic for 88 gold pieces
 28973 | Orc:2    | Bought a potion of curing for 33 gold pieces
 28973 | Orc:2    | Bought a potion of curing for 33 gold pieces
 28973 | Orc:2    | Bought a potion of might for 44 gold pieces
 28973 | Orc:2    | Bought a potion of berserk rage for 55 gold pieces
 28973 | Orc:2    | Bought a potion of resistance for 110 gold pieces
 28973 | Orc:2    | Bought a potion of haste for 110 gold pieces
 29412 | D:14     | Learned a level 5 spell: Summon Mana Viper
 29478 | D:14     | Reached skill level 15 in Necromancy
 30528 | D:14     | Found a gate to the Vaults.
 30917 | D:14     | Noticed Kirke
 30930 | D:14     | Killed Kirke
 30993 | D:15     | Entered Level 15 of the Dungeon
 31186 | D:15     | Found a portal to a secret trove of treasure.
 31512 | D:15     | Got Ipnivya's Encyclopedia of the Smouldering Brume
 32330 | D:15     | Found an ornate altar of the Wu Jian Council.
 32788 | D:15     | Found a staircase to the Depths.
 33123 | Elf:1    | Entered Level 1 of the Elven Halls
 33127 | Elf:1    | Paralysed by an air elemental for 1 turns
 33135 | Elf:1    | Reached XP level 16. HP: 52/85 MP: 2/33
 33135 | Elf:1    | Gained a life (1 life remaining)
 33170 | Elf:1    | You fall into a shaft and drop 1 floor!
 33170 | Elf:2    | Noticed a deep elf blademaster
 33189 | Elf:2    | Found a runed translucent gate.
 33189 | Elf:2    | Found a runed translucent gate.
 33189 | Elf:2    | Found a runed translucent gate.
 33193 | Elf:2    | Mangled by a +2 vampiric battleaxe
 33193 | Elf:2    | Lost a life (0 lives remaining)
 33201 | Elf:2    | Found a huge runed translucent gate.
 33201 | Elf:2    | Found a huge runed translucent gate.
 33201 | Elf:2    | Found a huge runed translucent gate.
 33201 | Elf:2    | Found a huge runed translucent gate.
 33201 | Elf:2    | Found a huge runed translucent gate.
 33201 | Elf:2    | Found a huge runed translucent gate.
 33201 | Elf:2    | Found a huge runed translucent gate.
 33201 | Elf:2    | Found a huge runed translucent gate.
 33201 | Elf:2    | Found a huge runed translucent gate.
 33201 | Elf:2    | Found a huge runed translucent gate.
 33201 | Elf:2    | Found a huge runed translucent gate.
 33201 | Elf:2    | Found a huge runed translucent gate.
 33201 | Elf:2    | Found a huge runed translucent gate.
 33201 | Elf:2    | Found a huge runed translucent gate.
 33210 | Elf:2    | Found a huge runed translucent gate.
 33212 | Elf:2    | Found a huge runed translucent gate.
 33212 | Elf:2    | Found a huge runed translucent gate.
 33213 | Elf:2    | Found a huge runed translucent gate.
 33245 | Elf:2    | Found a huge runed translucent gate.
 33248 | Elf:2    | Killed from afar by an orc sorcerer

Illustrated notes

Levels and vault maps discovered:
D:1:      minmay_arrival_four_circles, layout_loops_ring
D:2:      layout_loops_corners, kennysheep_cross_room, dk_vineyard_2,
          minmay_surrounded
D:3:      layout_basic, lemuel_crystal_altar, serial_shops,
          nicolae_lakefront_shop, chequers_serial_rivers_micro_d, st_stairs_3
D:4:      layout_basic, hellmonk_okawaru_the_only_friend_you_need
D:5:      layout_basic, mainiacjoe_overflow_six_doors_small, uniq_edmund
D:6:      layout_rooms, minmay_temple_entry_hall, serial_shops,
          nicolae_shop_stone
D:7:      layout_loops_ring, tso_metal_star, mainiacjoe_overflow_24_doors
D:8:      layout_layer_cave, mainiacjoe_overflow_alcove_4,
          nicolae_qazlal_general_emergency, kiku_gazebo_pond_becter,
          serial_shops, shop
D:9:      layout_roguey, trog_ov_bears_minmay, minmay_lair_entry_grove,
          orc_0_dummy
D:10:     layout_gridville, nicolae_sif_muna_little_library,
          grunt_dithmenos_shadows, grunt_temple_overflow_diamond, serial_shops,
          nicolae_shop_rolled_up
D:11:     layout_grid_maze
D:12:     minmay_weird_star, layout_stronghold, portal_ice_cave_rime,
          nicolae_yredelemnul_corpse_copse
D:13:     layout_irregular_city, serial_co_window_serial, co_window_paths_a,
          co_window_paths_a, co_window_corner_a, co_window_paths_a,
          co_window_of_opportunity_a, co_window_2corner,
          co_window_unsneaky_path_b, co_window_corner_b, co_window_paths_e,
          glass_columns_c, glass_columns_c
D:14:     layout_irregular_city, hellmonk_vaults_attempted_burglary,
          hangedman_decor_riveting, uniq_kirke
D:15:     grunt_enter_depths_hoard, layout_irregular_city, serial_library,
          serial_library_regret_index_small_wings,
          serial_library_hellmonk_double_dead_end,
          serial_library_hellmonk_filled_rooms,
          serial_library_regret_index_multi, serial_library_hellmonk_h_bend,
          serial_library_hellmonk_metal_room, enter_trove_0,
          hangedman_decor_slide_cut, st_stairs_9, nicolae_wu_jian_wuxing_cycle
Temple:   corrupted_temple
Lair:1:   layout_loops_ring, lemuel_fruit_fields
Lair:2:   layout_chaotic_city, nicolae_swamp_entry_splash_gauntlet,
          beast_lair_carwin_1, grunt_megastairs_2, uniq_amaemon
Lair:3:   layout_concentric_octagons, nicolae_snake_entry_warm_welcome
Lair:4:   layout_big_grid, gauntlet_entry_generic
Lair:5:   gammafunk_lair_ancient_temple, layout_small_grid, slime_entry_1,
          gammafunk_ghost_hydra_chop
Orc:1:    layout_diamond_mine, basic_altar, nicolae_orc_minecarts
Orc:2:    st_orc_town, layout_diamond_mine, elves_outpost_lemuel, uniq_donald,
          uniq_saint_roka, uniq_sonja
Elf:1:    nicolae_elf_arrival_aired_out, layout_gridlike, serial_shops, shop,
          minivault_28, dreamdust_princess_bridge
Elf:2:    nicolae_elf_blades_splatter_lattice [nicolae_blade_entry_pointy_end],
          layout_geoelf_octagon, gammafunk_ghost_door_vault

Skill      XL: |  1  2  3  4  5  6  7  8  9 10 11 12 13 14 15 16 |
---------------+-------------------------------------------------+-----
Stealth        | 3 4 5 6 7 8 10 | 10.0
Dodging        | 3 4 5 6 7 8 9 10 | 10.0
Spellcasting   | 3 4 5 6 7 8 9 11 12 13 | 13.1
Summonings     | 5 6 7 8 9 10 12 | 12.3
Fighting       | 1 2 3 5 6 7 8 10 | 10.0
Fire Magic     | 1 2 3 4 5 |  5.0
Air Magic      | 2 3 4 6 7 |  7.0
Necromancy     | 5 8 11 14 15 | 15.8
Hexes          | 5 |  5.0
Translocations | 5 |  5.0

Action                     |  1- 3 |  4- 6 |  7- 9 | 10-12 | 13-15 | 16-18 || total
---------------------------+-------+-------+-------+-------+-------+-------++-------
  Melee: Unarmed           |    18 |    34 |    20 |    96 |    77 |     6 ||   251
         Bite              |     6 |     4 |     4 |    27 |    14 |     1 ||    56
         Punch             |       |     1 |       |     2 |     2 |       ||     5
   Cast: Summon Small Mamm |    32 |    18 |     8 |       |       |       ||    58
         Call Imp          |    14 |    14 |    11 |    14 |     6 |       ||    59
         Call Canine Famil |     4 |    11 |     9 |    19 |    16 |       ||    59
         Summon Blazeheart |       |     1 |    18 |    71 |    64 |     1 ||   155
         Summon Lightning  |       |       |    13 |    45 |    64 |       ||   122
         Anguish           |       |       |       |     4 |   182 |     3 ||   189
         Animate Dead      |       |       |       |     2 |    35 |     1 ||    38
         Death Channel     |       |       |       |       |    44 |     1 ||    45
         Blink             |       |       |       |       |     5 |       ||     5
         Summon Cactus Gia |       |       |       |       |    16 |     2 ||    18
         Summon Mana Viper |       |       |       |       |    10 |     2 ||    12
 Invoke: Unearth Wretches  |       |       |       |       |     8 |     2 ||    10
         Receive Forbidden |       |       |       |       |     1 |       ||     1
  Evoke: Wand              |       |       |       |    10 |    18 |       ||    28
    Use: Scroll            |       |     5 |    13 |    15 |    10 |     7 ||    50
         Potion            |       |       |     1 |     4 |    21 |       ||    26
   Stab: Sleeping          |     4 |     5 |     6 |    10 |     1 |       ||    26
         Distracted        |       |     2 |       |     4 |     4 |       ||    10
         Paralysed         |       |       |       |       |    10 |     4 ||    14
         Betrayed ally     |       |       |       |       |     1 |       ||     1
 Armour: Skin              |     9 |    15 |    19 |    76 |   138 |    16 ||   273
  Dodge: Dodged            |    31 |    53 |    55 |   281 |   290 |    23 ||   733
  Block: Other             |       |       |     5 |    39 |    61 |     1 ||   106
         Reflection        |       |       |       |     2 |     6 |       ||     8

Table legend: (Time is in decaauts)
 A = Elapsed time spent in this place.
 B = Non-inter-level travel time spent in this place.
 C = Inter-level travel time spent in this place.
 D = Time resting spent in this place.
 E = Time spent auto-exploring this place.
 F = Levels seen in this place.
 G = Mean time per level.
                   A        B        C        D        E       F      G
               +--------+--------+--------+--------+--------+-----+--------+
         Total |  33287 |  32001 |   1286 |   6154 |  19281 |  27 | 1232.9 |
       Dungeon |  21224 |  20223 |   1001 |   3805 |  13050 |  15 | 1414.9 |
        Temple |      1 |      1 |      0 |      0 |      0 |   1 |    1.0 |
          Lair |   6740 |   6584 |    156 |    839 |   4240 |   5 | 1348.0 |
  Orcish Mines |   2960 |   2831 |    129 |    239 |   1846 |   2 | 1480.0 |
   Elven Halls |    124 |    124 |      0 |      6 |      0 |   2 |   62.0 |
      Ice Cave |   1467 |   1467 |      0 |   1004 |     84 |   1 | 1467.0 |
      Gauntlet |    768 |    768 |      0 |    261 |     61 |   1 |  768.0 |
               +--------+--------+--------+--------+--------+-----+--------+

Top non-repeatable levels by time:
    D:12: 2289 daAuts
   Orc:2: 2123 daAuts
    D:15: 1966 daAuts
     D:9: 1907 daAuts
  Lair:2: 1852 daAuts
     D:8: 1697 daAuts
  Lair:5: 1582 daAuts
     D:3: 1557 daAuts
    D:14: 1543 daAuts
    D:13: 1511 daAuts
   IceCv: 1467 daAuts
  Lair:3: 1434 daAuts
  Lair:1: 1308 daAuts
    D:11: 1249 daAuts
     D:7: 1185 daAuts
